[Event "*** Titled Tuesday Blitz"]
[Site "Chess.com"]
[Date "2020.04.14"]
[Round "1"]
[White "mc4chess"]
[Black "Aygehovit1992"]
[Result "0-1"]
[WhiteElo "2369"]
[BlackElo "2714"]
[TimeControl "180+1"]
[EndTime "10:08:17 PDT"]
[Termination "Aygehovit1992 won on time"]

1. e4 c5 2. Nf3 d6 3. Bb5+ Nd7 4.
O-O a6 5. Bd3 Ngf6 6. Re1 g6 7.
c3 Ne5 8. Nxe5 dxe5 9. Bc2 Bh6 10. d3 Bxc1 11. Qxc1 O-O 12. Na3 b5 13. Qe3 Qd6 14. Rad1 Be6 15. Bb3 Bxb3 16. axb3 Rfd8 17. Nc2 Rac8 18. b4 Nd7 19. bxc5 Nxc5 20. d4 Na4 21. Rb1 exd4 22. Nxd4 e5 23. Nf3 f6 24. h4 Rc7 25.
Rbd1 Qxd1 26. Rxd1 Rxd1+ 27. Kh2 Rcd7 28. h5 Nxb2 29.
Qb6 R1d6 30. Qb8+ Kg7 31. h6+ Kf7 32. Qh8 Ke6 33. Qg8+ Rf7 34. Qe8+ Re7 35. Qg8+ Kd7 36. g4 g5 37. Qa8 Nc4 38. Qb7+ Ke8 39. Qc8+ Kf7 40. Qh8 Ke6 41. Qc8+ Rdd7 42. Qg8+ Kd6 43. Qb8+ Kc6 44. Ne1 Rb7 45. Qc8+ Rec7 46. Qe8+ Kb6 47. Nc2 a5 48. Qf8 Rc6 49. Na3 Nxa3 50. Qxa3 Rbc7 51. Qf8 Kb7 52. Kg2 Rb6 53. Qa3 Ka6 54. Qf8 Kb7 55. Qa3 b4 56. cxb4 axb4 57. Qb3 Ka6 58.
Qa4+ Kb7 59. Qb3 Rc3 60. Qf7+ Ka6 61. Qxh7 b3 62. Qg8 b2 63. Qa2+ Kb7 64. h7 Rc8 65. Qb1 Rh8 0-1

[Event "*** Titled Tuesday Blitz"]
[Site "Chess.com"]
[Date "2020.04.14"]
[Round "1"]
[White "VincentKeymer"]
[Black "Bacyanide"]
[Result "1-0"]
[WhiteElo "2670"]
[BlackElo "2324"]
[TimeControl "180+1"]
[EndTime "10:08:17 PDT"]
[Termination "VincentKeymer won by checkmate"]

1. Nf3 d5 2. e3 Nf6 3. c4 e6 4.
Nc3 Be7 5. b3 O-O 6. Bb2 b6 7.
cxd5 exd5 8. d4 Be6 9. Bd3 c5 10. O-O Nc6 11. Ne2 Rc8 12. h3 Na5 13. dxc5 bxc5 14.
Nf4 c4 15. Bc2 c3 16. Bc1 Nc6 17. a3 Qb6 18. Ng5 Ne5 19. Qd4 Qd6 20. a4 Nc6 21.
Qd1 Nb4 22. Ba3 a5 23. Bxb4 axb4 24. Qd3 g6 25. Rfd1 Rfd8 26. Ngxe6 fxe6 27. Nxg6 hxg6 28. Qxg6+ Kf8 29. Rd4 Qe5 30. Rh4 Bc5 31. Rf4 Be7 32. Rh4 Ng8 33. Rg4 Nf6 34. Rf4 d4 35. Qh6+ Ke8 36.
exd4 Rxd4 37. Rf3 Kd7 38. Re3 Qd6 39. Rae1 Rd2 40. Rxe6 Qxe6 41. Rxe6 Kxe6 42. Qe3+ Kf7 43. Bf5 Rcd8 44. Qe6+ Kf8 45. Bg6 Kg7 46. Qf7+ Kh6 47.
g4 c2 48. Bxc2 Rxc2 49. Qxe7 Rc1+ 50. Kg2 Rdd1 51. Qxf6+ Kh7 52. h4 Rg1+ 53. Kf3 Rc3+ 54. Kf4 Rgc1 55. Kg5 Rc5+ 56. Kf4 R1c3 57. f3 Rxb3 58. h5 Rc4+ 59. Kg5 Rc5+ 60. Kh4 Rbc3 61. h6 Rc7 62. g5 b3 63. Kh5 Rc1 64. g6+ Kg8 65.
Qd8# 1-0

[Event "*** Titled Tuesday Blitz"]
[Site "Chess.com"]
[Date "2020.04.14"]
[Round "1"]
[White "Barbus89"]
[Black "stanyga"]
[Result "0-1"]
[WhiteElo "2323"]
[BlackElo "2667"]
[TimeControl "180+1"]
[EndTime "10:08:17 PDT"]
[Termination "stanyga won on time"]

1. d4 Nf6 2. Nf3 g6 3. g3 Bg7 4. Bg2 d5 5. O-O O-O 6. c4 dxc4 7. Na3 c3 8. bxc3 c5 9. e3 Nc6 10. Nc4 Bf5 11. Nfe5 Be4 12. Nxc6 Bxc6 13. Bxc6 bxc6 14. Qa4 Ne4 15. Bb2 cxd4 16. cxd4 Qd5 17. f3 Ng5 18. e4 Bxd4+ 19. Kg2 Qb5 20. Qxb5 cxb5 21. Bxd4 bxc4 22. Bc5 Rfe8 23. Rac1 Rab8 24. Rxc4 Rb2+ 25. Rf2 Rxf2+ 26. Kxf2 Rc8 27. Rc3 f6 28. Bb4 Rxc3 29. Bxc3 Kf7 30. Ke3 e5 31. f4 exf4+ 32. gxf4 Ne6 33. Bb4 Ke8 34. f5 Ng5 35. h4 Nf7 36. Bc3 Ke7 37. Kd3 gxf5 38. exf5 Nd6 39. Bb4 Kd7 40. Bxd6 Kxd6 41.
Kd4 h5 42. a4 a5 43. Kc4 Kc6 44. Kd4 Kd6 45. Kc4 Ke5 46. Kb5 Kxf5 47. Kxa5 Kg4 48.
Kb6 f5 49. a5 f4 50. a6 f3 51. a7 f2 52. a8=Q f1=Q 53. Qe4+ Qf4 54. Qg6+ Kxh4 55.
Qg1 Qf6+ 56. Kb7 Qf3+ 57. Kc8 Qg3 0-1

[Event "*** Titled Tuesday Blitz"]
[Site "Chess.com"]
[Date "2020.04.14"]
[Round "1"]
[White "tigra"]
[Black "Witaliss"]
[Result "1-0"]
[WhiteElo "2808"]
[BlackElo "2422"]
[TimeControl "180+1"]
[EndTime "10:08:19 PDT"]
[Termination "tigra won on time"]

1. e4 c6 2. d4 d5 3. e5 Bf5 4. Nf3 e6 5. c4 Ne7 6. Nc3 Nd7 7.
a3 dxc4 8. Bxc4 Nd5 9. O-O Be7 10. h3 O-O 11. Re1 Nxc3 12. bxc3 Nb6 13. Bd3 Bxd3 14.
Qxd3 c5 15. Qe4 cxd4 16. cxd4 Nd5 17. Qg4 Kh8 18. Bg5 Rc8 19. Qh5 Rc6 20. Rac1 Qe8 21. Bxe7 Nxe7 22. Rxc6 Nxc6 23. Re4 f5 24. Qxe8 Rxe8 25.
Re3 Rd8 26. Ng5 Rxd4 27. Nxe6 Rd1+ 28. Kh2 Kg8 29. f4 h6 30. g4 g6 31. gxf5 gxf5 32. Rg3+ Kf7 33. Ng7 Ne7 34. Nh5 Rd2+ 35. Kg1 Ke6 36.
Rg7 Rd3 37. Kg2 Rxa3 38. Rh7 b5 39. Rxh6+ Kd5 40. Rd6+ Ke4 41. Rd7 Nc6 42. e6 b4 43.
e7 Nxe7 44. Rxe7+ Kd4 45. Rd7+ Kc3 46. Rc7+ Kd4 47. Rb7 a5 48. Ng3 Ke3 49. Nxf5+ Kxf4 50. Nd4 Ke4 51. Ne2 b3 52. h4 a4 53. h5 Ra2 54.
Kf2 Kd3 55. Rd7+ Kc4 56. h6 b2 57. Rb7 a3 58. h7 Ra1 59. h8=Q 1-0

[Event "*** Titled Tuesday Blitz"]
[Site "Chess.com"]
[Date "2020.04.14"]
[Round "1"]
[White "suyu28"]
[Black "827883"]
[Result "1-0"]
[WhiteElo "2526"]
[BlackElo "2022"]
[TimeControl "180+1"]
[EndTime "10:08:19 PDT"]
[Termination "suyu28 won by checkmate"]

1. d4 d5 2. c4 e6 3. Nc3 c6 4. e4 dxe4 5. Nxe4 Bb4+ 6. Bd2 Qxd4 7. Bxb4 Qxe4+ 8. Be2 a5 9. Bc3 Ne7 10. Nf3 O-O 11. O-O Nd7 12. Bd3 Qg4 13. h3 Qh5 14. Qe2 Ng6 15. Bc2 b6 16. Rfe1 Bb7 17. Rad1 Rad8 18. Kh2 Qc5 19. Rd2 Qe7 20. Red1 c5 21. Be4 Bxe4 22. Qxe4 Nf6 23. Qc6 Rb8 24. Ne5 Rfc8 25.
Qf3 Nxe5 26. Bxe5 Ra8 27. Rd6 Rd8 28. Qc6 Rac8 29. Qxb6 Rxd6 30. Rxd6 Ne4 31. Rd3 Nxf2 32. Rf3 Ne4 33. Qxa5 f6 34. Bf4 e5 35. Be3 Kf7 36.
Rf1 Nd6 37. Qc3 Qc7 38. Kh1 Ne4 39. Qd3 Qc6 40. Rd1 Rc7 41. Bg1 Ng3+ 42. Qxg3 g6 43. Qd3 Ke6 44. Qd5+ Qxd5 45. Rxd5 Rb7 46. b3 Ra7 47.
Rd2 Kf5 48. Bxc5 Rc7 49. Bg1 Kg5 50. c5 Kh4 51. b4 f5 52. b5 g5 53. c6 Rf7 54. b6 g4 55. c7 h5 56. c8=Q e4 57.
Qd8+ Kg3 58. Bh2# 1-0

[Event "*** Titled Tuesday Blitz"]
[Site "Chess.com"]
[Date "2020.04.14"]
[Round "1"]
[White "Valuebet2000"]
[Black "PawnEatingZombie"]
[Result "1-0"]
[WhiteElo "2546"]
[BlackElo "2119"]
[TimeControl "180+1"]
[EndTime "10:08:20 PDT"]
[Termination "Valuebet2000 won on time"]

1. d4 d5 2. c4 e6 3. Nf3 dxc4 4.
e3 b5 5. a4 c6 6. Nc3 Bb4 7.
Bd2 a5 8. axb5 Bxc3 9. Bxc3 cxb5 10. Ne5 Nf6 11. b3 Bb7 12. bxc4 b4 13. Bb2 Nbd7 14. Nxd7 Qxd7 15. f3 O-O 16. Kf2 a4 17.
Bc1 e5 18. Be2 e4 19. Qc2 Rfe8 20. Bd2 b3 21. Qc3 Qc7 22. Qb4 Bc6 23. Bc3 Reb8 24. Qa3 Qd8 25. f4 Be8 26. d5 Nd7 27. c5 Nf6 28. d6 Bc6 29. Rhd1 Nd5 30. Bd4 Nb4 31. Rd2 Nc2 32. Rxc2 bxc2 33. Rc1 Rb3 34. Qa1 Qa5 35. Bxg7 Qb4 36. Bh6 Qc3 37. Qxc3 Rxc3 38. Bg5 a3 39. Bf6 Rb3 40. Rxc2 a2 41. Ba1 Rb1 42. Bd4 a1=Q 43. Bxa1 Raxa1 44. Rd2 Ra8 45. Bg4 Rd8 46. Bf5 Rb4 47. g4 Rc4 48. Kg3 Rxc5 49. h4 Rd5 50. Rc2 R5xd6 51. h5 f6 52. Kh4 Be8 53. Rc7 R6d7 54. Rc6 Rf7 55. g5 Kg7 56. h6+ Kf8 57. gxf6 1-0

[Event "*** Titled Tuesday Blitz"]
[Site "Chess.com"]
[Date "2020.04.14"]
[Round "1"]
[White "GigaQuparadze"]
[Black "karinachess1"]
[Result "1-0"]
[WhiteElo "2919"]
[BlackElo "2488"]
[TimeControl "180+1"]
[EndTime "10:08:21 PDT"]
[Termination "GigaQuparadze won on time"]

1. e4 c5 2. Nc3 Nc6 3. Nf3 e6 4. d4 cxd4 5. Nxd4 Qc7 6. f4 a6 7. Be3 b5 8. Be2 Bb7 9. O-O d6 10. Kh1 Nf6 11. Bf3 Be7 12. a3 O-O 13. Qd2 Na5 14. b3 Rac8 15. Nde2 d5 16. exd5 Nxd5 17. Nxd5 Bxd5 18. Bxd5 Rfd8 19. Nd4 Rxd5 20. Rad1 Nc6 21.
c3 Nxd4 22. Bxd4 Bxa3 23. b4 a5 24. Qe1 axb4 25. cxb4 Rcd8 26. Qg3 Rxd4 27. Rxd4 Rxd4 28. Qxa3 h6 29. f5 exf5 30. h3 Qe5 31. Qc3 Rd5 32. Qc2 Kh7 33. Qf2 Qe4 34. Qa2 Qc4 35. Qb1 Qe4 36. Qb3 Qc4 37. Qb1 Qe4 38. Qa2 Qc4 39. Qf2 Qxb4 40. Re1 Qd4 41. Qf3 b4 42. Rf1 Qe4 43.
Qb3 Rc5 44. Rf2 Qc4 45. Qf3 b3 46. Kh2 Rb5 47. Rb2 Qc7+ 48. g3 Qc4 49. h4 g6 50.
h5 Qd5 51. hxg6+ fxg6 52. Qc3 Qe5 53. Qd2 Rd5 54. Qg2 Qc3 55. Re2 Rd3 56. Qb7+ Qg7 57. Re7 Rd2+ 58. Kh3 Qxe7 59. Qxe7+ Kh8 60. Qf8+ Kh7 61.
Qf7+ Kh8 62. Qxg6 b2 63. Qxh6+ Kg8 64. Qg6+ Kh8 65. Qb6 Kg7 66. Kh4 Kf7 67. Kg5 Rg2 68.
Kxf5 Rf2+ 69. Kg5 Rg2 70. g4 Rc2 71. Kf4 Ke7 72. g5 1-0

[Event "*** Titled Tuesday Blitz"]
[Site "Chess.com"]
[Date "2020.04.14"]
[Round "1"]
[White "Onwgs"]
[Black "Elshan1985"]
[Result "1-0"]
[WhiteElo "2393"]
[BlackElo "2691"]
[TimeControl "180+1"]
[EndTime "10:08:21 PDT"]
[Termination "Onwgs won on time"]

1. e4 e6 2. d4 d5 3. Nd2 c5 4. exd5 Qxd5 5. Ngf3 cxd4 6. Bc4 Qd8 7. O-O Nc6 8. Nb3 a6 9. Nbxd4 Nxd4 10. Nxd4 Qc7 11. Bb3 Bd6 12. Re1 Ne7 13. h3 O-O 14. c3 e5 15. Nf3 Bf5 16. Be3 Rad8 17. Qe2 Ng6 18.
Rad1 h6 19. Qc4 Qe7 20. Bb6 Rc8 21. Qd5 Bb8 22. Nd4 Bxh3 23. gxh3 Nf4 24. Qf3 Qf6 25. Ne2 e4 26. Qe3 Qg5+ 27. Ng3 Nxh3+ 28. Kf1 Bf4 29.
Qxe4 Qb5+ 30. Kg2 Qxb6 31. Kxh3 Qxf2 32. Rg1 Bxg3 33. Rxg3 Rc5 34. Qg6 Rg5 35. Rxg5 hxg5 36. Qe4 Rc8 37. Rd7 Rf8 38. Rd1 Rc8 39. Bc2 g6 40.
Bb3 Kg7 41. Qd4+ Qxd4 42. cxd4 Rc7 43. d5 f5 44. d6 Rd7 45. Be6 Rd8 46. d7 Kf6 47.
Re1 g4+ 48. Kg3 g5 49. Re2 Rh8 50. Bd5 Rd8 51. Re6+ Kg7 52. Rd6 Kf8 53. Be6 Ke7 54. Rb6 1-0

[Event "*** Titled Tuesday Blitz"]
[Site "Chess.com"]
[Date "2020.04.14"]
[Round "1"]
[White "poliplaza"]
[Black "Koksik_13"]
[Result "1-0"]
[WhiteElo "2369"]
[BlackElo "2687"]
[TimeControl "180+1"]
[EndTime "10:08:22 PDT"]
[Termination "poliplaza won on time"]

1. d4 e6 2. c4 d5 3. Nc3 a6 4. cxd5 exd5 5. Nf3 c6 6. Bf4 Bd6 7. Bg3 Nf6 8. e3 O-O 9. Bd3 Re8 10. O-O Bxg3 11. hxg3 Bg4 12. Qc2 Nbd7 13. Rab1 Bxf3 14. gxf3 Nf8 15. Kg2 g6 16. b4 h5 17.
Rh1 Kg7 18. a4 Qd6 19. Ne2 Ne6 20. f4 Nf8 21. Ng1 Ng4 22. Nf3 Rxe3 23. Ne5 Rxe5 24. fxe5 Qe7 25. Be2 Nh6 26. Qd2 Ne6 27. g4 g5 28.
Rxh5 Nf4+ 29. Kf1 Nxh5 30. gxh5 Qe6 31. Ke1 Qh3 32. Kd1 Qh4 33. Kc2 Nf5 34. Rg1 Nxd4+ 35.
Kd1 Ne6 36. f4 Nxf4 37. Qd4 Qh2 38. e6+ Kh7 39. Bd3+ Nxd3 40. Qxd3+ Kh6 41. Rf1 Qxh5+ 42. Kc2 Kg7 43. Rxf7+ Kg8 44. Qf5 Qh2+ 45. Kc3 Qg3+ 46. Kd4 Qf4+ 47. Qxf4 gxf4 48. Rxf4 Rf8 49. Rg4+ Kh7 50.
Ke5 Rf1 51. e7 Re1+ 52. Kf6 a5 53. bxa5 1-0

[Event "*** Titled Tuesday Blitz"]
[Site "Chess.com"]
[Date "2020.04.14"]
[Round "1"]
[White "Alexander_Zubov"]
[Black "Natalya_Buksa"]
[Result "1-0"]
[WhiteElo "2870"]
[BlackElo "2468"]
[TimeControl "180+1"]
[EndTime "10:08:23 PDT"]
[Termination "Alexander_Zubov won by resignation"]

1. d4 d5 2. c4 e6 3. Nf3 Nf6 4. g3 Be7 5. Bg2 O-O 6. O-O dxc4 7. Qa4 c6 8. Qxc4 b5 9. Qb3 Bb7 10. Rd1 Nbd7 11. Nc3 Qb6 12. Bf4 a6 13. a4 bxa4 14.
Qc2 Qb3 15. Qc1 c5 16. Nd2 Qb6 17. Nxa4 Qa7 18. Bxb7 Qxb7 19. Nxc5 Nxc5 20. dxc5 Rfc8 21. Ra5 Nd5 22. Be5 Qb4 23. Qa1 Rc6 24. Bc3 Qb7 25.
Ne4 h6 26. b4 Nxc3 27. Qxc3 Rac8 28. Qc4 Bd8 29. Ra4 Bc7 30. Rda1 Be5 31. R1a2 Qd7 32. Rxa6 Rxa6 33. Rxa6 Qd1+ 34. Kg2 Rd8 35. c6 Rd4 36. Ra8+ Kh7 37. Nc3 Rxc4 38. Nxd1 Rxc6 39. Ra5 Bd6 40. b5 Rb6 41. Ra6 Bc5 42. Rxb6 Bxb6 43. Nc3 f5 44. Na4 Bc7 45. b6 Bd6 46. b7 Kg6 47.
Nc5 Kf7 48. Na6 Ke7 49. b8=Q Bxb8 50. Nxb8 Kd6 51. Kf3 e5 52. e4 g6 53. g4 f4 54.
g5 hxg5 55. Kg4 Kc5 56. Nd7+ Kd4 57. Nf6 Kd3 58. Kxg5 Ke2 59. Ng4 Kf3 60. Nxe5+ Kxe4 61. Nxg6 Kf3 62. Nxf4 Kxf2 63. h4 1-0

[Event "*** Titled Tuesday Blitz"]
[Site "Chess.com"]
[Date "2020.04.14"]
[Round "1"]
[White "GrafLermontov"]
[Black "Abdimalik_Abdisalimov"]
[Result "0-1"]
[WhiteElo "2421"]
[BlackElo "2803"]
[TimeControl "180+1"]
[EndTime "10:08:23 PDT"]
[Termination "Abdimalik_Abdisalimov won on time"]

1. d4 Nf6 2. c4 e6 3. Nf3 c5 4. d5 exd5 5. cxd5 d6 6. Nc3 g6 7. e4 Bg7 8. Bd3 O-O 9. O-O Bg4 10. Bf4 a6 11. a4 Nh5 12. Be3 Nd7 13.
Be2 Bxf3 14. Bxf3 Nhf6 15. Re1 Qc7 16. Bf4 Rfe8 17. Qd2 Rab8 18. a5 Ne5 19. Be2 Re7 20. Bf1 Ned7 21. h3 Rbe8 22. Qc2 Nh5 23. Bh2 Bd4 24.
Bd3 Ndf6 25. g4 Ng7 26. Rad1 Bxc3 27. bxc3 Nxd5 28. Bc4 Nf6 29. Bxd6 Qxa5 30. Bxe7 Rxe7 31. e5 Nfe8 32. e6 fxe6 33. Qb3 b5 34. Bf1 c4 35. Qc2 Qb6 36. Bg2 Kf7 37. Qe4 Nf6 38. Qf4 e5 39.
Qg5 Ne6 40. Qh6 Kg8 41. Rxe5 Qc7 42. Ree1 Nc5 43. Rxe7 Qxe7 44. Qg5 Kf7 45. Bd5+ Kg7 0-1

[Event "*** Titled Tuesday Blitz"]
[Site "Chess.com"]
[Date "2020.04.14"]
[Round "1"]
[White "Gaguna"]
[Black "kikydu96"]
[Result "1-0"]
[WhiteElo "2682"]
[BlackElo "2338"]
[TimeControl "180+1"]
[EndTime "10:08:23 PDT"]
[Termination "Gaguna won on time"]

1. d4 f5 2. g3 Nf6 3. Bg2 g6 4.
c3 Bg7 5. Qb3 d5 6. Nd2 O-O 7.
Nh3 c6 8. Nf4 Kh8 9. Nf3 Ne4 10.
Nd3 Nd7 11. Bf4 Qb6 12. Nfe5 Nxe5 13. Bxe5 Bxe5 14. Nxe5 f4 15. f3 Nd6 16. gxf4 Rxf4 17. e3 Rf8 18. Qxb6 axb6 19. Ke2 Nf7 20. h4 Nxe5 21. dxe5 Bf5 22. f4 h5 23. Bh3 e6 24.
Bxf5 gxf5 25. Rhg1 Rg8 26. Rg5 Rxg5 27. hxg5 Kg7 28.
a3 c5 29. Rh1 Kg6 30. Kf3 Ra5 31. Kg3 Rb5 32. Rh2 Rb3 33. Rd2 b5 34. Kf3 h4 35. Ke2 b4 36. cxb4 cxb4 37. a4 h3 38. Kf3 b6 39. Rc2 d4 40. Rc6 Rxe3+ 41. Kf2 h2 42.
Kg2 Rh3 43. Rxe6+ Kg7 44. Kh1 d3 45. Rd6 Rh4 46. Rxd3 Rxf4 47. Kxh2 Re4 48. Rd7+ Kg6 49. Rd6+ Kxg5 50. Rxb6 Re2+ 51. Kg3 Rxb2 52. a5 Rb3+ 53. Kf2 Ra3 54. a6 Kf4 55. e6 Ra2+ 56. Ke1 Ke3 57. Kd1 Rd2+ 58. Kc1 Rd8 59. e7 Re8 60.
Re6+ Kd4 61. a7 f4 62. a8=Q Rxa8 63. e8=Q Rxe8 64. Rxe8 f3 65. Kd2 b3 66. Re1 Kc4 67.
Rf1 b2 68. Kc2 1-0

[Event "*** Titled Tuesday Blitz"]
[Site "Chess.com"]
[Date "2020.04.14"]
[Round "1"]
[White "SCIM"]
[Black "MisiekZielony"]
[Result "1-0"]
[WhiteElo "2567"]
[BlackElo "2179"]
[TimeControl "180+1"]
[EndTime "10:08:23 PDT"]
[Termination "SCIM won on time"]

1. d4 d5 2. c4 c6 3. Nf3 Nf6 4. e3 g6 5. Nc3 Bg7 6. Be2 O-O 7. O-O b6 8. b4 Bb7 9. a4 dxc4 10. Bxc4 Nd5 11.
Nxd5 cxd5 12. Be2 Nc6 13. b5 Na5 14. Bd2 Re8 15. Bxa5 bxa5 16. Rc1 e6 17. Qb3 Rc8 18. h4 h6 19. g3 Qd6 20. h5 g5 21. Bd3 Qb4 22.
Qa2 Rc3 23. Rxc3 Qxc3 24. Qd2 Rc8 25. Rd1 Bf8 26. Ne5 Bd6 27. Nd7 Qxd2 28. Rxd2 Kg7 29.
Rc2 Rxc2 30. Bxc2 f6 31. Nc5 Bc8 32. g4 f5 33. gxf5 exf5 34. Bb3 f4 35. Bxd5 fxe3 36. fxe3 Bg4 37. Ne4 Bc7 38. Bc6 Bxh5 39. d5 Bf3 40.
d6 Bd8 41. Nc5 Bg4 42. Nb7 Bb6 43. d7 Bxd7 44. Bxd7 Bxe3+ 45. Kg2 Bb6 46. Kf3 h5 47.
Be8 g4+ 48. Kg2 Kh6 49. Nd6 h4 50. Nf7+ Kh5 51. Ne5+ Kg5 52. Nc4 h3+ 53. Kh1 Bc7 54. Bc6 g3 55. Ne3 Kf4 56. Nd5+ 1-0

[Event "*** Titled Tuesday Blitz"]
[Site "Chess.com"]
[Date "2020.04.14"]
[Round "1"]
[White "IMRosen"]
[Black "Taran2004"]
[Result "0-1"]
[WhiteElo "2505"]
[BlackElo "1999"]
[TimeControl "180+1"]
[EndTime "10:08:23 PDT"]
[Termination "Taran2004 won on time"]

1. d4 Nf6 2. Bf4 g6 3. Nc3 d5 4. e3 Bg7 5. h4 c5 6. Nb5 Na6 7. c3 O-O 8. Nf3 Bg4 9. Be2 Qb6 10.
a4 cxd4 11. exd4 Rfe8 12. Ne5 Bxe2 13. Qxe2 Rad8 14. a5 Qe6 15. O-O Nh5 16. Qf3 Qf6 17.
Bh2 Qxf3 18. Nxf3 Ra8 19. Rfe1 Nf6 20. Ne5 Rec8 21. f3 Bf8 22. g4 e6 23. Bf4 Nb8 24. Bg5 Nfd7 25. Nd3 a6 26. Na3 Nc6 27. Nc2 Bg7 28.
Kg2 Re8 29. h5 f6 30. Bd2 e5 31. Nf2 exd4 32. cxd4 f5 33. Bc3 fxg4 34. fxg4 gxh5 35. gxh5 Nf6 36. Ne3 Rad8 37. Nf5 Nxh5 38. Nxg7 Kxg7 39. Ng4 Nf4+ 40. Kf3 Ng6 41. Rg1 Rf8+ 42. Ke3 Rde8+ 43. Kd2 Rf4 44. Raf1 Rxf1 45. Rxf1 Re4 46. Ne3 Nce7 47.
Rg1 h5 48. Kd3 Rf4 49. Bd2 Rf8 50. Rh1 h4 51. Ng4 Rh8 52. Rh3 Nf5 53. Ne5 Nxe5+ 54. dxe5 Kf7 55. Be1 Ke6 56. Bc3 d4 57. Bxd4 Rd8 0-1

[Event "*** Titled Tuesday Blitz"]
[Site "Chess.com"]
[Date "2020.04.14"]
[Round "1"]
[White "arjwezhrtdrz"]
[Black "TheCount"]
[Result "0-1"]
[WhiteElo "2218"]
[BlackElo "2596"]
[TimeControl "180+1"]
[EndTime "10:08:24 PDT"]
[Termination "TheCount won on time"]

1. e4 c5 2. c3 Nf6 3. e5 Nd5 4. Nf3 Nc6 5. d4 cxd4 6. cxd4 d6 7. Bc4 e6 8. O-O Be7 9. Qe2 O-O 10. Rd1 Bd7 11. h3 Qc7 12. Bxd5 exd5 13. Nc3 Be6 14. Bf4 Rfe8 15. exd6 Bxd6 16. Nb5 Bxf4 17. Nxc7 Bxc7 18. Qd2 Bb6 19. a3 Bf5 20. Re1 Be4 21. Re3 Bxf3 22. Rxf3 Nxd4 23. Rd3 Re4 24. Kf1 Rae8 25.
Rd1 Re2 26. Rxd4 Rxd2 27. R4xd2 d4 28. Re2 Rc8 29. Re7 g6 30. Ke2 Rc5 31. Rxb7 Re5+ 32.
Kd3 Rf5 33. f3 h5 34. Rd2 Re5 35. Re2 Rc5 36. Ree7 Rf5 37. Rb8+ Kg7 38. Rbb7 h4 39. Ke4 Bc5 40. Red7 Bb6 41. b4 Rf6 42. a4 Re6+ 43. Kd3 Re3+ 44. Kd2 Ra3 45. Rxf7+ Kh6 46. Rh7+ Kg5 47.
a5 Bd8 48. Rxa7 Ra2+ 49. Kd3 Bf6 50. Ra6 Ra3+ 51. Kd2 Ra2+ 52. Kd1 Ra1+ 53. Kc2 Ra2+ 54. Kb1 Rxg2 55. b5 d3 56. Rd6 Rb2+ 57. Kc1 Rxb5 58. a6 Be5 59. Rdd7 Bf4+ 0-1

[Event "*** Titled Tuesday Blitz"]
[Site "Chess.com"]
[Date "2020.04.14"]
[Round "1"]
[White "kayrakamer"]
[Black "Olga_Zhuravleva"]
[Result "1/2-1/2"]
[WhiteElo "2574"]
[BlackElo "2214"]
[TimeControl "180+1"]
[EndTime "10:08:24 PDT"]
[Termination "Game drawn by repetition"]

1. e4 e5 2. Nf3 Nc6 3. Bb5 f5 4. d3 Nf6 5. Bg5 Bc5 6. Nc3 O-O 7. Nd5 Kh8 8. exf5 d6 9. g4 Nd4 10. Nxd4 Bxd4 11. Bc4 c6 12. Nxf6 gxf6 13. Bh6 Re8 14. Bf7 Re7 15. Bb3 Bxb2 16. Rb1 Bc3+ 17. Kf1 d5 18. h4 Re8 19. Rg1 Rg8 20. Qf3 Qd7 21.
Rg3 b6 22. Kg2 Bb7 23. g5 Qf7 24. d4 Bxd4 25. c3 e4 26. Qg4 Be5 27. Rh3 Bc8 28.
Qxe4 Qe7 29. Qg4 fxg5 30. hxg5 Qf7 31. Bc2 Bd7 32. Rbh1 d4 33. cxd4 Qd5+ 34. Qe4 Qxe4+ 35. Bxe4 Bxd4 36. f6 Bxf6 37. Bg7+ Rxg7 38. Rxh7+ Kg8 39. Rh8+ Kf7 40. Rxa8 Rxg5+ 41. Kf1 c5 42. Rxa7 Ke6 43. Rh3 Bb5+ 44. Bd3 c4 45. Be2 c3 46. Bxb5 Rxb5 47. Re3+ Kd6 48. Rf7 Bd4 49. Rd3 Kc5 50. Rc7+ Kd5 51.
Rd7+ Ke6 52. R3xd4 c2 53. R4d6+ Ke5 54. Rd1 Rb1 55.
Rd5+ Ke6 56. Rd6+ Ke7 57. Rd7+ Ke6 58. Rd6+ Ke5 59. Rd5+ Ke6 60. Rd6+ 1/2-1/2

[Event "*** Titled Tuesday Blitz"]
[Site "Chess.com"]
[Date "2020.04.14"]
[Round "1"]
[White "SamuelGhimpu2003"]
[Black "Xeniya2005"]
[Result "1/2-1/2"]
[WhiteElo "2555"]
[BlackElo "2177"]
[TimeControl "180+1"]
[EndTime "10:08:24 PDT"]
[Termination "Game drawn by repetition"]

1. e4 c5 2. Nf3 Nc6 3. d4 cxd4 4.
Nxd4 Nf6 5. Nc3 e6 6. Nxc6 bxc6 7. e5 Nd5 8. Ne4 f5 9. exf6 Nxf6 10. Nd6+ Bxd6 11. Qxd6 Qe7 12. Bf4 Qxd6 13. Bxd6 a5 14. f3 Ba6 15. c4 Kf7 16. O-O-O Ne8 17. Be5 d5 18. Kb1 Nf6 19. Be2 Rhd8 20. Rhe1 Bxc4 21. Bxc4 dxc4 22. Rc1 Rd5 23. Rxc4 c5 24. Bc3 a4 25. a3 h6 26. g4 Nd7 27. Rce4 Ra6 28. f4 Nf6 29. Bxf6 gxf6 30. Kc2 h5 31. h3 hxg4 32.
hxg4 f5 33. gxf5 Rxf5 34. Kc3 Rh5 35. Rd1 Rh3+ 36. Rd3 Rh2 37. Rd2 Rh3+ 38. Kc4 Rh5 39. Re5 Rxe5 40. fxe5 Ra5 41. Rf2+ Ke7 42. Rh2 Ra8 43.
Kxc5 Ra5+ 44. Kb4 Rxe5 45. Kxa4 Kd6 46. b4 Kc6 47. Rc2+ Kb6 48. Kb3 Re3+ 49. Rc3 Re1 50. a4 e5 51. a5+ Kb5 52. Rc5+ Ka6 53. Rc6+ Kb7 54. Re6 e4 55. Kc4 e3 56. Kb5 e2 57. a6+ Kc8 58. a7 Ra1 59. Ra6 Rxa6 60. Kxa6 e1=Q 61. a8=Q+ Kc7 62. Qb7+ Kd8 63. b5 Qa1+ 64.
Kb6 Qd4+ 65. Ka5 Qc3+ 66. Kb6 Qd4+ 67. Ka6 Qa1+ 68. Kb6 Qd4+ 1/2-1/2

[Event "*** Titled Tuesday Blitz"]
[Site "Chess.com"]
[Date "2020.04.14"]
[Round "1"]
[White "MarcoRiehle"]
[Black "ulkaf961"]
[Result "1-0"]
[WhiteElo "2726"]
[BlackElo "2366"]
[TimeControl "180+1"]
[EndTime "10:08:25 PDT"]
[Termination "MarcoRiehle won by resignation"]

1. e4 e6 2. c4 d5 3. cxd5 exd5 4. Qb3 Nf6 5. e5 Ne4 6. Nf3 Be7 7. Nc3 c6 8. d4 O-O 9. Bd3 Bg4 10. Qxb7 Nd7 11. Nxe4 Bxf3 12. gxf3 dxe4 13. Bxe4 Rb8 14. Qa6 Rb6 15.
Qd3 c5 16. Be3 cxd4 17. Bxd4 Bb4+ 18. Kf1 Rh6 19. a3 Be7 20. Rd1 Qb8 21. f4 Rh4 22.
Qg3 Qb5+ 23. Bd3 Qd5 24. Rg1 g6 25. Bc3 Nc5 26. f5 Ne4 27. Qe3 Bc5 28. Qe2 Nxf2 29. fxg6 Nxd1 30. gxh7+ Kh8 31. e6+ f6 32. e7 Qf7 33. e8=Q Rf4+ 34. Ke1 Rxe8 35. Kxd1 Rxe2 36. Rg8+ Qxg8 37.
hxg8=Q+ Kxg8 38. Bxe2 Kf7 39. h3 Rf5 40. h4 Rg5 41.
hxg5 fxg5 42. Bg4 Kg6 43. Ke2 Bd6 44. Kf3 Bf4 45. Ke4 Bg3 46. Bd4 Bh4 47. Bxa7 Bg3 48. Bd4 Bh4 49. a4 Bg3 50. a5 Bh4 51. a6 Bg3 52. a7 Bh4 53. a8=Q Bg3 54. Qc6+ 1-0

[Event "*** Titled Tuesday Blitz"]
[Site "Chess.com"]
[Date "2020.04.14"]
[Round "1"]
[White "jmduque"]
[Black "Pultis"]
[Result "1-0"]
[WhiteElo "2384"]
[BlackElo "2696"]
[TimeControl "180+1"]
[EndTime "10:08:25 PDT"]
[Termination "jmduque won on time"]

1. e4 e5 2. Nf3 Nc6 3. Bc4 Nf6 4. d3 Bc5 5. O-O d6 6. c3 Bb6 7. a4 O-O 8. Nbd2 a6 9. h3 Ne7 10. a5 Ba7 11. Bb3 Ng6 12. Nc4 Be6 13. Ng5 Bd7 14. Be3 h6 15. Nf3 Be6 16. Bxa7 Rxa7 17. Ne3 Bxb3 18. Qxb3 Nf4 19. Qd1 Qd7 20. Kh2 Raa8 21.
Ng1 Rad8 22. g3 Ng6 23. f4 exf4 24. gxf4 Rfe8 25. f5 Ne5 26. Nf3 d5 27. Nxe5 Rxe5 28. Ng4 Nxg4+ 29. Qxg4 dxe4 30. Rg1 f6 31. dxe4 Rde8 32.
Rad1 Qf7 33. Rge1 Rxa5 34. Rd2 Rae5 35. Qg3 Rxe4 36. Rg1 Re2+ 37. Rg2 Rxg2+ 38. Qxg2 Kh7 39. Qf3 c6 40. Rg2 Re5 41. Qg4 Qd7 42. Rf2 Qe8 43. Rg2 Qf7 44. Rf2 Kg8 45. Rg2 Qe7 46. Qf4 Re2 47. Qc4+ Kh7 48. Qxe2 Qd6+ 49. Kh1 Qd5 50.
Qg4 Qd7 51. Qg6+ Kh8 52. Qg4 Kh7 53. Re2 Qd1+ 54. Kh2 Qd6+ 55. Kh1 Qd1+ 56. Kg2 Qd5+ 57. Qe4 Qd1 58. Qg4 Qd5+ 59. Kf2 Qc5+ 60. Ke1 Qf8 61. Qg6+ Kg8 62. Re8 1-0

[Event "*** Titled Tuesday Blitz"]
[Site "Chess.com"]
[Date "2020.04.14"]
[Round "1"]
[White "farzadbfd"]
[Black "DejanNestor64"]
[Result "1/2-1/2"]
[WhiteElo "2742"]
[BlackElo "2398"]
[TimeControl "180+1"]
[EndTime "10:08:26 PDT"]
[Termination "Game drawn - insufficient material"]

1. e4 c5 2. Nc3 e6 3. g3 Nc6 4. Bg2 Nge7 5. Nge2 d5 6. exd5 Nxd5 7. Nxd5 exd5 8. d4 cxd4 9. Nxd4 Bc5 10. Nxc6 bxc6 11. O-O O-O 12. c3 a5 13. Re1 Qb6 14. Qc2 Bg4 15. Be3 Rfe8 16. Bxc5 Qxc5 17. h3 Bh5 18.
Qd2 Qb6 19. b3 h6 20. Rac1 Bg6 21. c4 Be4 22. cxd5 cxd5 23. Bxe4 dxe4 24. Rc4 Rad8 25. Qf4 e3 26. Rxe3 Rd1+ 27. Kg2 Rxe3 28. Rc8+ Kh7 29. Qf5+ Qg6 30. Qxg6+ Kxg6 31. fxe3 Rd2+ 32. Kf3 Rxa2 33. Rc6+ f6 34. Rb6 Rb2 35. Rb5 h5 36. h4 Kh6 37.
Ke4 Rg2 38. Kf3 Rb2 39. e4 Kg6 40. Ke3 Kh6 41. Kf3 Kg6 42. Kf4 Kh6 43. Rxa5 Rxb3 44. Ra6 Kg6 45. e5 Rb4+ 46. Kf3 Rb3+ 47. Kg2 Kf5 48.
exf6 gxf6 49. Ra8 Kg6 50. Rg8+ Kh7 51. Rf8 Kg7 52. Re8 Kf7 53. Re4 Kg6 54. Rf4 Rc3 55.
Kf2 Rd3 56. Kg2 Rc3 57. Kf2 Rd3 58. Re4 Rc3 59. Re3 Rxe3 60. Kxe3 Kf5 61. Kf3 Ke5 62. g4 hxg4+ 63. Kxg4 Ke6 64. h5 Kf7 65. Kf5 Kg7 66. h6+ Kxh6 67. Kxf6 1/2-1/2